Canadiens vs Panthers

Created - 13 mai 2019 at 19:46

Goals
1 2 3 T
Canadiens 1 1 0 2
Panthers 3 0 0 3
Shots
1 2 3 T
Canadiens 10 6 14 30
Panthers 15 14 9 38

1st period

1. Canadiens , Alexander Edler 1 (John Tavares 6) at 4:18 (PP)
2. Panthers , Aleksander Barkov 4 (Nikolaj Ehlers 5, Charlie McAvoy 4) at 4:26
3. Panthers , Tyler Seguin 3 (Blake Wheeler 2) at 4:49
4. Panthers , Nikolaj Ehlers 4 (Aleksander Barkov 5, Patrik Laine 2) at 16:12

Penalties :
Jordan Eberle (MTL) for Holding (Minor) at 1:07, Charlie McAvoy (FLA) for Tripping (Minor) at 3:32, Charlie McAvoy (FLA) for Slashing (Minor) at 16:46

2nd period

5. Canadiens , Cam Fowler 1 (Auston Matthews 2) at 15:16 (PP)

Penalties :
Justin Abdelkader (MTL) for High sticking (Minor) at 6:15, Josh Morrissey (MTL) for Hooking (Minor) at 8:25, Zack Smith (MTL) for Roughing (Minor) at 12:49, Charlie McAvoy (FLA) for High sticking (Minor) at 15:14, Ivan Provorov (MTL) for Roughing (Minor) at 15:39

3rd period

No Goal

Penalties :
Blake Wheeler (FLA) for Interference (Minor) at 10:14, Joe Thornton (FLA) for Hooking (Minor) at 18:13

Goalie Stats

Jonathan Bernier (MTL), 7 saves from 7 shots - (1.000), 12:33 minutes
Tuukka Rask (MTL), 28 saves from 31 shots - (0.903), L, 5-2-1, 46:24 minutes
Devan Dubnyk (FLA), 28 saves from 30 shots - (0.933), W, 6-0-2, 60:00 minutes

Players Stats for Canadiens

Player Name              G  A  P  +/- PIM S  H  SB GA TA FO     MP     PP MP  PK MP  
------------------------------------------------------------------------------------
Alexander Edler          1  0  1  -1  0   4  3  1  0  0  0/0    23:56   3:15   5:11 
Artturi Lehkonen         0  0  0  -1  0   2  1  1  0  0  0/1     9:01   0:00   0:09 
Auston Matthews          0  1  1  -1  0   5  0  0  0  0  12/25  18:31   3:48   0:03 
Brian Gibbons            0  0  0   0  0   1  1  0  0  0  1/1    11:10   0:00   5:40 
Cam Fowler               1  0  1  -1  0   2  2  0  0  0  0/0    24:18   3:17   4:30 
Ivan Provorov            0  0  0  -1  2   3  4  1  0  0  0/0    23:38   3:17   4:00 
Jakob Silfverberg        0  0  0  -1  0   2  1  0  0  0  0/0    18:24   2:44   1:09 
John Tavares             0  1  1  -1  0   4  3  0  0  0  14/29  17:15   2:44   0:00 
Jordan Eberle            0  0  0  -1  2   1  0  0  0  0  0/0    18:27   3:48   0:00 
Josh Morrissey           0  0  0  -1  2   0  1  1  0  0  0/0    11:40   0:00   0:00 
Justin Abdelkader        0  0  0  -1  2   2  2  0  0  0  2/3    18:27   3:48   0:00 
Matt Calvert             0  0  0   0  0   0  0  0  0  0  0/0     9:36   0:00   4:06 
Michael Stone            0  0  0  -1  0   0  0  1  0  0  0/0    12:16   0:00   0:35 
Nick Shore               0  0  0   0  0   0  0  0  0  0  11/19  11:10   0:00   5:40 
Ron Hainsey              0  0  0  -1  0   2  0  2  0  0  0/0    24:10   3:15   5:34 
Teuvo Teravainen         0  0  0  -1  0   2  0  0  0  0  0/1    17:15   2:44   0:00 
Tyson Jost               0  0  0  -1  0   0  0  0  0  0  0/1     8:52   0:00   0:00 
Zack Smith               0  0  0  -1  2   0  1  1  0  0  6/17   11:54   0:00   3:03 

Players Stats for Panthers

Player Name              G  A  P  +/- PIM S  H  SB GA TA FO     MP     PP MP  PK MP  
------------------------------------------------------------------------------------
Aleksander Barkov        1  1  2   2  0   4  1  1  0  0  13/23  15:50   0:01   1:51 
Andrew Ladd              0  0  0   0  0   1  0  0  0  0  0/3     8:54   0:00   0:03 
Blake Wheeler            0  1  1   1  2   5  2  0  0  0  1/1    20:23   5:09   0:00 
Brandon Carlo            0  0  0   1  0   2  1  0  0  0  0/0    16:05   0:01   0:00 
Charlie McAvoy           0  1  1   1  6   1  2  1  0  0  0/0    21:22   5:23   0:00 
Drew Doughty             0  0  0   1  0   1  2  2  0  0  0/0    26:12   4:50   3:07 
Francois Beauchemin      0  0  0   1  0   2  5  1  0  0  0/0    13:12   0:33   3:25 
Joe Thornton             0  0  0   0  2   0  2  0  0  0  12/16  13:09   4:45   0:00 
Joel Armia               0  0  0   0  0   0  0  0  0  0  0/1     8:26   0:40   1:51 
Justin Williams          0  0  0   0  0   4  1  0  0  0  0/0     8:51   0:00   0:00 
Luke Glendening          0  0  0   0  0   0  0  0  0  0  7/20   10:33   0:00   4:38 
Matthew Tkachuk          0  0  0   1  0   2  3  0  0  0  0/0    20:27   5:09   0:03 
Melker Karlsson          0  0  0   0  0   1  0  0  0  0  0/1    11:13   0:40   4:38 
Michael Matheson         0  0  0   1  0   1  1  0  0  0  0/0    17:13   4:32   3:25 
Nikolaj Ehlers           1  1  2   2  0   5  0  0  0  0  0/0    17:38   4:06   0:00 
Patrik Laine             0  1  1   2  0   3  1  0  0  0  2/4    17:38   4:06   0:00 
T.J. Brodie              0  0  0   1  0   1  2  0  0  0  0/0    25:53   4:31   3:07 
Tyler Seguin             1  0  1   1  0   5  0  0  0  0  16/28  20:24   5:09   0:00 

3 Stars

1 - Aleksander Barkov (FLA)
2 - Nikolaj Ehlers (FLA)
3 - Tyler Seguin (FLA)

Power Play

Canadiens - 2 on 5 Attempt(s) - 40.00%
Panthers - 0 on 5 Attempt(s) - 0.00%

Penalty Kill

Canadiens - 5 on 5 Attempt(s) - 100.00% - Score 0 goal in Penalty Kill
Panthers - 3 on 5 Attempt(s) - 60.00% - Score 0 goal in Penalty Kill

Team Stat

Canadiens - Hits : 19 - Faceoff Wins : 46 - Blocked Shots : 8 - Penalty Minutes : 10
Panthers - Hits : 23 - Faceoff Wins : 51 - Blocked Shots : 5 - Penalty Minutes : 10

Official

Referees : Dave Jackson and Ghislain Hebert
Linesman : John Grandt and Tim Nowak

Game Notes

Jonathan Bernier enters game at 16:12 of 1st period
Jonathan Bernier is injured at 8:45 of 2nd period (Sprained Left Finger)
Tuukka Rask enters game at 8:45 of 2nd period

Finance

Level 1 -- Attendance: 6000 (100.00%) -- Ticket Income 660 000 $
Level 2 -- Attendance: 5000 (100.00%) -- Ticket Income 375 000 $
Level 3 -- Attendance: 3500 (100.00%) -- Ticket Income 175 000 $
Level 4 -- Attendance: 3268 (87.15%) -- Ticket Income 65 360 $
Luxury Box -- Attendance: 1000 (100.00%) -- Ticket Income 205 000 $
Game was played at the BBT Center.
Total Attendance: 18768 (97.50%)
Total Ticket Income: 1 480 360 $
Other Income: 725 376 $
Total Income: 2 205 736 $

% Time on Ice - Canadiens

Lines # - Real PCT - Wanted PCT - Time Play
Normal Forward
1 - 34% - 35% - 14:40
2 - 33% - 35% - 14:31
3 - 20% - 20% - 8:52
4 - 13% - 10% - 5:30
Normal Defense
1 - 38% - 35% - 16:22
2 - 35% - 35% - 15:21
3 - 27% - 25% - 11:41
4 - 0% - 5% - 0:09
PP Forward
1 - 58% - 50% - 3:48
2 - 42% - 50% - 2:44
PP Defense
1 - 50% - 50% - 3:17
2 - 50% - 50% - 3:15
PK Forward
1 - 59% - 55% - 5:49
2 - 41% - 45% - 4:06
PK Defense
1 - 36% - 55% - 3:36
2 - 64% - 45% - 6:19
PK3 Forward
1 - 0% - 60%
2 - 0% - 40%
PK3 Defense
1 - 0% - 55%
2 - 0% - 45%
44 Forward
1 - 0% - 50%
2 - 0% - 50%
44 Defense
1 - 0% - 50%
2 - 0% - 50%
Last Minute Offensive  - 0:00
Last Minute Defensive  - 0:00
Total
Forward - 60:00
Defense - 60:00

% Time on Ice - Panthers

Lines # - Real PCT - Wanted PCT - Time Play
Normal Forward
1 - 35% - 40% - 15:15
2 - 31% - 30% - 13:32
3 - 20% - 20% - 8:51
4 - 14% - 10% - 5:55
Normal Defense
1 - 42% - 42% - 18:15
2 - 37% - 37% - 16:04
3 - 21% - 21% - 9:14
4 - 0% - 0% - 0:00
PP Forward
1 - 52% - 55% - 5:10
2 - 48% - 45% - 4:45
PP Defense
1 - 54% - 55% - 5:23
2 - 46% - 45% - 4:32
PK Forward
1 - 72% - 60% - 4:41
2 - 28% - 40% - 1:51
PK Defense
1 - 48% - 50% - 3:07
2 - 52% - 50% - 3:25
PK3 Forward
1 - 0% - 60%
2 - 0% - 40%
PK3 Defense
1 - 0% - 50%
2 - 0% - 50%
44 Forward
1 - 0% - 60%
2 - 0% - 40%
44 Defense
1 - 0% - 60%
2 - 0% - 40%
Last Minute Offensive  - 0:00
Last Minute Defensive  - 0:00
Total
Forward - 60:00
Defense - 60:00

Play-by-Play

1st period


0:01 of 1st period - Tyler Seguin wins face-off versus Auston Matthews in neutral zone.
0:07 of 1st period - Blake Wheeler is hit by Cam Fowler and loses puck.
0:15 of 1st period - Matthew Tkachuk is hit by Ivan Provorov.
0:48 of 1st period - Jordan Eberle is hit by Matthew Tkachuk and loses puck.
0:59 of 1st period - Patrik Laine is hit by Justin Abdelkader and loses puck.
1:06 of 1st period - Aleksander Barkov is hit by Justin Abdelkader.
1:07 of 1st period - Minor Penalty to Jordan Eberle for Holding.
1:08 of 1st period - Joe Thornton wins face-off versus Nick Shore in Canadiens zone.
1:08 of 1st period - Joe Thornton is hit by Alexander Edler.
2:10 of 1st period - Shot by Brian Gibbons.
2:10 of 1st period - Stopped by Devan Dubnyk without a rebound.
2:11 of 1st period - Nick Shore wins face-off versus Joe Thornton in Panthers zone.
3:09 of 1st period - Shot by Tyler Seguin.
3:09 of 1st period - Stopped by Tuukka Rask without a rebound.
3:10 of 1st period - Luke Glendening wins face-off versus John Tavares in Canadiens zone.
3:30 of 1st period - John Tavares is hit by Charlie McAvoy and loses puck.
3:32 of 1st period - Minor Penalty to Charlie McAvoy for Tripping.
3:33 of 1st period - Auston Matthews wins face-off versus Melker Karlsson in Panthers zone.
3:42 of 1st period - Shot by Justin Abdelkader.
3:42 of 1st period - Stopped by Devan Dubnyk with a rebound.
3:44 of 1st period - Shot by Ivan Provorov.
3:44 of 1st period - Stopped by Devan Dubnyk without a rebound.
3:45 of 1st period - John Tavares wins face-off versus Luke Glendening in Panthers zone.
3:50 of 1st period - Shot by Alexander Edler.
3:50 of 1st period - Stopped by Devan Dubnyk without a rebound.
3:51 of 1st period - John Tavares wins face-off versus Luke Glendening in Panthers zone.
4:01 of 1st period - Shot by Alexander Edler.
4:01 of 1st period - Stopped by Devan Dubnyk without a rebound.
4:02 of 1st period - Aleksander Barkov wins face-off versus Auston Matthews in Panthers zone.
4:12 of 1st period - Off-side.
4:13 of 1st period - John Tavares wins face-off versus Joel Armia in neutral zone.
4:18 of 1st period - Shot by Alexander Edler.
4:18 of 1st period - Goal by Alexander Edler - Canadiens : 1 - Panthers : 0.
4:19 of 1st period - Aleksander Barkov wins face-off versus John Tavares in neutral zone.
4:24 of 1st period - Shot by Nikolaj Ehlers.
4:24 of 1st period - Shot Misses the Net.
4:26 of 1st period - Shot by Aleksander Barkov.
4:26 of 1st period - Goal by Aleksander Barkov - Canadiens : 1 - Panthers : 1.
4:27 of 1st period - John Tavares wins face-off versus Aleksander Barkov in neutral zone.
4:41 of 1st period - Shot by Aleksander Barkov.
4:41 of 1st period - Stopped by Tuukka Rask without a rebound.
4:42 of 1st period - Blake Wheeler wins face-off versus Zack Smith in Canadiens zone.
4:47 of 1st period - Shot by Blake Wheeler.
4:47 of 1st period - Stopped by Tuukka Rask with a rebound.
4:49 of 1st period - Shot by Tyler Seguin.
4:49 of 1st period - Goal by Tyler Seguin - Canadiens : 1 - Panthers : 2.
4:50 of 1st period - Joe Thornton wins face-off versus John Tavares in neutral zone.
4:59 of 1st period - Andrew Ladd is hit by John Tavares and loses puck.
5:11 of 1st period - Shot by Jakob Silfverberg.
5:11 of 1st period - Stopped by Devan Dubnyk without a rebound.
5:12 of 1st period - Tyler Seguin wins face-off versus Tyson Jost in Panthers zone.
5:14 of 1st period - Icing by Drew Doughty.
5:15 of 1st period - Zack Smith wins face-off versus Tyler Seguin in Panthers zone.
5:21 of 1st period - Off-side.
5:22 of 1st period - Aleksander Barkov wins face-off versus Zack Smith in neutral zone.
5:33 of 1st period - Shot by Francois Beauchemin.
5:33 of 1st period - Stopped by Tuukka Rask without a rebound.
5:34 of 1st period - Tyler Seguin wins face-off versus Auston Matthews in Canadiens zone.
5:40 of 1st period - Cam Fowler is hit by Drew Doughty and loses puck.
5:55 of 1st period - Shot by Auston Matthews.
5:55 of 1st period - Stopped by Devan Dubnyk without a rebound.
5:56 of 1st period - Aleksander Barkov wins face-off versus John Tavares in Panthers zone.
6:01 of 1st period - Shot by Charlie McAvoy.
6:01 of 1st period - Stopped by Tuukka Rask without a rebound.
6:02 of 1st period - Aleksander Barkov wins face-off versus John Tavares in Canadiens zone.
6:31 of 1st period - Shot by Jakob Silfverberg.
6:31 of 1st period - Shot Blocked by Charlie McAvoy.
6:39 of 1st period - Alexander Edler is hit by Patrik Laine and loses puck.
6:53 of 1st period - Icing by Jakob Silfverberg.
6:54 of 1st period - Tyler Seguin wins face-off versus John Tavares in Canadiens zone.
6:55 of 1st period - Shot by Blake Wheeler.
6:55 of 1st period - Shot Blocked by Ron Hainsey.
7:05 of 1st period - Francois Beauchemin is hit by John Tavares.
8:45 of 1st period - Shot by Andrew Ladd.
8:45 of 1st period - Shot Misses the Net.
8:47 of 1st period - Shot by Drew Doughty.
8:47 of 1st period - Shot Blocked by Zack Smith.
9:09 of 1st period - Icing by Tyson Jost.
9:10 of 1st period - Zack Smith wins face-off versus Aleksander Barkov in Canadiens zone.
9:35 of 1st period - Shot by Nikolaj Ehlers.
9:35 of 1st period - Stopped by Tuukka Rask without a rebound.
9:36 of 1st period - Nick Shore wins face-off versus Luke Glendening in Canadiens zone.
10:38 of 1st period - Drew Doughty is hit by Ivan Provorov and loses puck.
10:54 of 1st period - Off-side.
10:55 of 1st period - Aleksander Barkov wins face-off versus Artturi Lehkonen in neutral zone.
11:35 of 1st period - Shot by Nikolaj Ehlers.
11:35 of 1st period - Stopped by Tuukka Rask without a rebound.
11:36 of 1st period - Tyler Seguin wins face-off versus John Tavares in Canadiens zone.
11:50 of 1st period - Shot by Blake Wheeler.
11:50 of 1st period - Shot Misses the Net.
11:52 of 1st period - Shot by Brandon Carlo.
11:52 of 1st period - Stopped by Tuukka Rask with a rebound.
11:54 of 1st period - Shot by Brandon Carlo.
11:54 of 1st period - Stopped by Tuukka Rask without a rebound.
11:55 of 1st period - Justin Abdelkader wins face-off versus Andrew Ladd in Canadiens zone.
11:55 of 1st period - Justin Abdelkader is hit by Justin Williams.
12:27 of 1st period - Icing by Ivan Provorov.
12:28 of 1st period - Tyler Seguin wins face-off versus Auston Matthews in Canadiens zone.
13:03 of 1st period - Shot by Tyler Seguin.
13:03 of 1st period - Shot Misses the Net.
13:33 of 1st period - Shot by Aleksander Barkov.
13:33 of 1st period - Shot Hit the Post.
13:35 of 1st period - Shot by Aleksander Barkov.
13:35 of 1st period - Shot Misses the Net.
13:37 of 1st period - Shot by Aleksander Barkov.
13:37 of 1st period - Shot Blocked by Alexander Edler.
13:39 of 1st period - Shot by Michael Matheson.
13:39 of 1st period - Shot Misses the Net.
14:07 of 1st period - Shot by Patrik Laine.
14:07 of 1st period - Shot Hit the Post.
14:26 of 1st period - Off-side.
14:27 of 1st period - Luke Glendening wins face-off versus Zack Smith in neutral zone.
15:21 of 1st period - Shot by Justin Williams.
15:21 of 1st period - Stopped by Tuukka Rask without a rebound.
15:22 of 1st period - Tyler Seguin wins face-off versus Nick Shore in Canadiens zone.
15:31 of 1st period - Shot by Tyler Seguin.
15:31 of 1st period - Stopped by Tuukka Rask without a rebound.
15:32 of 1st period - Auston Matthews wins face-off versus Aleksander Barkov in Canadiens zone.
16:12 of 1st period - Shot by Nikolaj Ehlers.
16:12 of 1st period - Goal by Nikolaj Ehlers - Canadiens : 1 - Panthers : 3.
16:12 of 1st period - Jonathan Bernier enters game.
16:13 of 1st period - Tyler Seguin wins face-off versus John Tavares in neutral zone.
16:22 of 1st period - Alexander Edler is hit by Charlie McAvoy and loses puck.
16:43 of 1st period - Shot by Jakob Silfverberg.
16:43 of 1st period - Shot Misses the Net.
16:45 of 1st period - Shot by Jakob Silfverberg.
16:45 of 1st period - Shot Misses the Net.
16:46 of 1st period - Minor Penalty to Charlie McAvoy for Slashing.
16:47 of 1st period - Auston Matthews wins face-off versus Luke Glendening in Panthers zone.
17:39 of 1st period - Shot by John Tavares.
17:39 of 1st period - Shot Misses the Net.
17:41 of 1st period - Shot by Ron Hainsey.
17:41 of 1st period - Stopped by Devan Dubnyk without a rebound.
17:42 of 1st period - John Tavares wins face-off versus Luke Glendening in Panthers zone.
18:03 of 1st period - Shot by Jakob Silfverberg.
18:03 of 1st period - Shot Misses the Net.
18:05 of 1st period - Shot by Alexander Edler.
18:05 of 1st period - Stopped by Devan Dubnyk without a rebound.
18:06 of 1st period - Auston Matthews wins face-off versus Aleksander Barkov in Panthers zone.
18:38 of 1st period - Shot by Ivan Provorov.
18:38 of 1st period - Shot Blocked by Drew Doughty.
19:15 of 1st period - Shot by Justin Williams.
19:15 of 1st period - Stopped by Jonathan Bernier with a rebound.
19:20 of 1st period - Icing by Michael Stone.
19:21 of 1st period - Tyler Seguin wins face-off versus Nick Shore in Canadiens zone.
19:30 of 1st period - Shot by Tyler Seguin.
19:30 of 1st period - Shot Blocked by Michael Stone.
19:35 of 1st period - Off-side.
19:36 of 1st period - Aleksander Barkov wins face-off versus John Tavares in neutral zone.
Goals for this period are 1 for Canadiens vs 3 for Panthers.
Shots for this period are 10 for Canadiens vs 15 for Panthers.

2nd period


0:01 of 2nd period - Tyler Seguin wins face-off versus Auston Matthews in neutral zone.
1:11 of 2nd period - Shot by Aleksander Barkov.
1:11 of 2nd period - Shot Misses the Net.
1:13 of 2nd period - Shot by Charlie McAvoy.
1:13 of 2nd period - Shot Misses the Net.
1:15 of 2nd period - Shot by Aleksander Barkov.
1:15 of 2nd period - Shot Blocked by Ron Hainsey.
1:17 of 2nd period - Shot by Patrik Laine.
1:17 of 2nd period - Stopped by Jonathan Bernier with a rebound.
1:21 of 2nd period - Shot by Nikolaj Ehlers.
1:21 of 2nd period - Deflect By Patrik Laine.
1:21 of 2nd period - Stopped by Jonathan Bernier with a rebound.
1:23 of 2nd period - Shot by Charlie McAvoy.
1:23 of 2nd period - Deflect By Patrik Laine.
1:23 of 2nd period - Stopped by Jonathan Bernier without a rebound.
1:24 of 2nd period - Joe Thornton wins face-off versus Zack Smith in Canadiens zone.
1:27 of 2nd period - Shot by Justin Williams.
1:27 of 2nd period - Shot Blocked by Artturi Lehkonen.
1:39 of 2nd period - Shot by Joe Thornton.
1:39 of 2nd period - Shot Blocked by Josh Morrissey.
1:41 of 2nd period - Shot by Francois Beauchemin.
1:41 of 2nd period - Stopped by Jonathan Bernier without a rebound.
1:42 of 2nd period - Nick Shore wins face-off versus Luke Glendening in Canadiens zone.
3:45 of 2nd period - Shot by Justin Abdelkader.
3:45 of 2nd period - Shot Misses the Net.
3:53 of 2nd period - Shot by Auston Matthews.
3:53 of 2nd period - Stopped by Devan Dubnyk without a rebound.
3:54 of 2nd period - John Tavares wins face-off versus Joe Thornton in Panthers zone.
4:07 of 2nd period - Shot by John Tavares.
4:07 of 2nd period - Stopped by Devan Dubnyk with a rebound.
4:29 of 2nd period - Charlie McAvoy is hit by John Tavares and loses puck.
4:56 of 2nd period - Off-side.
4:57 of 2nd period - Aleksander Barkov wins face-off versus Auston Matthews in neutral zone.
5:09 of 2nd period - Icing by Justin Abdelkader.
5:10 of 2nd period - Auston Matthews wins face-off versus Tyler Seguin in Canadiens zone.
5:12 of 2nd period - Justin Abdelkader is hit by Matthew Tkachuk.
5:16 of 2nd period - Shot by Jordan Eberle.
5:16 of 2nd period - Stopped by Devan Dubnyk without a rebound.
5:17 of 2nd period - Zack Smith wins face-off versus Aleksander Barkov in Panthers zone.
5:20 of 2nd period - Shot by Artturi Lehkonen.
5:20 of 2nd period - Shot Blocked by Drew Doughty.
5:30 of 2nd period - Shot by Zack Smith.
5:30 of 2nd period - Shot Blocked by Aleksander Barkov.
6:03 of 2nd period - Aleksander Barkov is hit by Zack Smith and loses puck.
6:15 of 2nd period - Minor Penalty to Justin Abdelkader for High sticking.
6:16 of 2nd period - Brian Gibbons wins face-off versus Tyler Seguin in Canadiens zone.
6:38 of 2nd period - Tyler Seguin is hit by Alexander Edler and loses puck.
8:07 of 2nd period - Shot by Tyler Seguin.
8:07 of 2nd period - Deflect By Matthew Tkachuk.
8:07 of 2nd period - Shot Misses the Net.
8:09 of 2nd period - Shot by Francois Beauchemin.
8:09 of 2nd period - Shot Misses the Net.
8:16 of 2nd period - Icing by Michael Stone.
8:17 of 2nd period - Luke Glendening wins face-off versus Auston Matthews in Canadiens zone.
8:17 of 2nd period - Charlie McAvoy is hit by Josh Morrissey and loses puck.
8:25 of 2nd period - Minor Penalty to Josh Morrissey for Hooking.
8:26 of 2nd period - Zack Smith wins face-off versus Tyler Seguin in Canadiens zone.
8:37 of 2nd period - Shot by Blake Wheeler.
8:37 of 2nd period - Shot Misses the Net.
8:39 of 2nd period - Shot by Michael Matheson.
8:39 of 2nd period - Shot Misses the Net.
8:43 of 2nd period - Shot by Blake Wheeler.
8:43 of 2nd period - Stopped by Jonathan Bernier without a rebound.
8:44 of 2nd period - Joe Thornton wins face-off versus Nick Shore in Canadiens zone.
8:45 of 2nd period - Shot by Drew Doughty.
8:45 of 2nd period - Stopped by Jonathan Bernier without a rebound.
8:45 of 2nd period - Jonathan Bernier from Canadiens is injured at 8:45 of 2nd period (Sprained Left Finger).
8:45 of 2nd period - Tuukka Rask enters game.
8:46 of 2nd period - Joe Thornton wins face-off versus Nick Shore in Canadiens zone.
8:47 of 2nd period - Shot by Nikolaj Ehlers.
8:47 of 2nd period - Shot Misses the Net.
9:06 of 2nd period - Shot by Nikolaj Ehlers.
9:06 of 2nd period - Stopped by Tuukka Rask without a rebound.
9:07 of 2nd period - Tyler Seguin wins face-off versus Zack Smith in Canadiens zone.
9:32 of 2nd period - Shot by Tyler Seguin.
9:32 of 2nd period - Shot Misses the Net.
9:34 of 2nd period - Shot by T.J. Brodie.
9:34 of 2nd period - Stopped by Tuukka Rask with a rebound.
9:55 of 2nd period - Off-side.
9:56 of 2nd period - Joe Thornton wins face-off versus Nick Shore in neutral zone.
10:03 of 2nd period - Shot by Patrik Laine.
10:03 of 2nd period - Shot Misses the Net.
10:37 of 2nd period - Justin Abdelkader is hit by Francois Beauchemin and loses puck.
10:40 of 2nd period - Shot by Michael Stone.
10:40 of 2nd period - Shot Misses the Net.
10:49 of 2nd period - Justin Abdelkader is hit by Francois Beauchemin and loses puck.
10:58 of 2nd period - Shot by Auston Matthews.
10:58 of 2nd period - Stopped by Devan Dubnyk without a rebound.
10:59 of 2nd period - John Tavares wins face-off versus Tyler Seguin in Panthers zone.
11:07 of 2nd period - Icing by Tyler Seguin.
11:08 of 2nd period - Tyler Seguin wins face-off versus John Tavares in Panthers zone.
11:25 of 2nd period - Shot by Matthew Tkachuk.
11:25 of 2nd period - Shot Blocked by Ivan Provorov.
11:41 of 2nd period - Ivan Provorov is hit by Blake Wheeler and loses puck.
12:22 of 2nd period - Shot by Justin Abdelkader.
12:22 of 2nd period - Shot Misses the Net.
12:24 of 2nd period - Shot by Jordan Eberle.
12:24 of 2nd period - Shot Misses the Net.
12:26 of 2nd period - Shot by Ron Hainsey.
12:26 of 2nd period - Stopped by Devan Dubnyk with a rebound.
12:49 of 2nd period - Minor Penalty to Zack Smith for Roughing.
12:50 of 2nd period - Joe Thornton wins face-off versus Nick Shore in Canadiens zone.
13:36 of 2nd period - Icing by Matthew Tkachuk.
13:37 of 2nd period - Nick Shore wins face-off versus Tyler Seguin in Panthers zone.
13:37 of 2nd period - Nick Shore is hit by Drew Doughty.
14:25 of 2nd period - Shot by Matt Calvert.
14:25 of 2nd period - Shot Misses the Net.
15:14 of 2nd period - Minor Penalty to Charlie McAvoy for High sticking.
15:15 of 2nd period - Auston Matthews wins face-off versus Luke Glendening in Panthers zone.
15:16 of 2nd period - Shot by Cam Fowler.
15:16 of 2nd period - Goal by Cam Fowler - Canadiens : 2 - Panthers : 3.
15:17 of 2nd period - Patrik Laine wins face-off versus Justin Abdelkader in neutral zone.
15:38 of 2nd period - Patrik Laine is hit by Ivan Provorov and loses puck.
15:39 of 2nd period - Minor Penalty to Ivan Provorov for Roughing.
15:40 of 2nd period - Nick Shore wins face-off versus Tyler Seguin in Canadiens zone.
15:52 of 2nd period - Shot by Charlie McAvoy.
15:52 of 2nd period - Shot Misses the Net.
16:04 of 2nd period - Shot by Tyler Seguin.
16:04 of 2nd period - Deflect By Blake Wheeler.
16:04 of 2nd period - Stopped by Tuukka Rask without a rebound.
16:05 of 2nd period - Joe Thornton wins face-off versus Zack Smith in Canadiens zone.
16:19 of 2nd period - Shot by Michael Matheson.
16:19 of 2nd period - Stopped by Tuukka Rask without a rebound.
16:20 of 2nd period - Nick Shore wins face-off versus Tyler Seguin in Canadiens zone.
16:20 of 2nd period - Nick Shore is hit by Matthew Tkachuk.
16:29 of 2nd period - Drew Doughty is hit by Alexander Edler.
16:41 of 2nd period - Shot by Matthew Tkachuk.
16:41 of 2nd period - Stopped by Tuukka Rask without a rebound.
16:42 of 2nd period - Joe Thornton wins face-off versus Zack Smith in Canadiens zone.
16:47 of 2nd period - Shot by Nikolaj Ehlers.
16:47 of 2nd period - Stopped by Tuukka Rask without a rebound.
16:48 of 2nd period - Nick Shore wins face-off versus Patrik Laine in Canadiens zone.
16:58 of 2nd period - Off-side.
16:59 of 2nd period - Nick Shore wins face-off versus Tyler Seguin in neutral zone.
17:40 of 2nd period - Shot by Tyler Seguin.
17:40 of 2nd period - Stopped by Tuukka Rask without a rebound.
17:41 of 2nd period - Patrik Laine wins face-off versus Teuvo Teravainen in Canadiens zone.
17:53 of 2nd period - Jakob Silfverberg is hit by Michael Matheson and loses puck.
18:38 of 2nd period - Jakob Silfverberg is hit by T.J. Brodie and loses puck.
18:57 of 2nd period - Shot by Jordan Eberle.
18:57 of 2nd period - Shot Misses the Net.
19:55 of 2nd period - Shot by Matthew Tkachuk.
19:55 of 2nd period - Stopped by Tuukka Rask with a rebound.
Goals for this period are 1 for Canadiens vs 0 for Panthers.
Shots for this period are 6 for Canadiens vs 14 for Panthers.

3rd period


0:01 of 3rd period - John Tavares wins face-off versus Tyler Seguin in neutral zone.
0:37 of 3rd period - Icing by Alexander Edler.
0:38 of 3rd period - Aleksander Barkov wins face-off versus John Tavares in Canadiens zone.
1:05 of 3rd period - Shot by Aleksander Barkov.
1:05 of 3rd period - Stopped by Tuukka Rask without a rebound.
1:06 of 3rd period - Joe Thornton wins face-off versus Auston Matthews in Canadiens zone.
1:06 of 3rd period - Joe Thornton is hit by Cam Fowler.
1:14 of 3rd period - Shot by Joe Thornton.
1:14 of 3rd period - Shot Misses the Net.
1:34 of 3rd period - Shot by Justin Williams.
1:34 of 3rd period - Stopped by Tuukka Rask without a rebound.
1:35 of 3rd period - Zack Smith wins face-off versus Tyler Seguin in Canadiens zone.
1:35 of 3rd period - Michael Stone is hit by Blake Wheeler and loses puck.
1:47 of 3rd period - Icing by Tyler Seguin.
1:48 of 3rd period - Tyler Seguin wins face-off versus Nick Shore in Panthers zone.
1:48 of 3rd period - Tyler Seguin is hit by Brian Gibbons.
3:27 of 3rd period - Icing by Josh Morrissey.
3:28 of 3rd period - Joe Thornton wins face-off versus John Tavares in Canadiens zone.
3:45 of 3rd period - Jakob Silfverberg is hit by Joe Thornton and loses puck.
3:57 of 3rd period - Shot by Teuvo Teravainen.
3:57 of 3rd period - Stopped by Devan Dubnyk without a rebound.
3:58 of 3rd period - Luke Glendening wins face-off versus Zack Smith in Panthers zone.
4:34 of 3rd period - Shot by Melker Karlsson.
4:34 of 3rd period - Stopped by Tuukka Rask with a rebound.
4:55 of 3rd period - Icing by T.J. Brodie.
4:56 of 3rd period - Auston Matthews wins face-off versus Luke Glendening in Panthers zone.
5:33 of 3rd period - Shot by Jordan Eberle.
5:33 of 3rd period - Shot Misses the Net.
6:12 of 3rd period - Icing by Charlie McAvoy.
6:13 of 3rd period - Nick Shore wins face-off versus Tyler Seguin in Panthers zone.
6:13 of 3rd period - Nick Shore is hit by Brandon Carlo.
6:15 of 3rd period - Shot by Brian Gibbons.
6:15 of 3rd period - Shot Misses the Net.
6:33 of 3rd period - Shot by Tyler Seguin.
6:33 of 3rd period - Stopped by Tuukka Rask without a rebound.
6:34 of 3rd period - Aleksander Barkov wins face-off versus Zack Smith in Canadiens zone.
6:58 of 3rd period - Zack Smith is hit by Francois Beauchemin.
7:08 of 3rd period - Shot by Nikolaj Ehlers.
7:08 of 3rd period - Shot Misses the Net.
7:15 of 3rd period - Alexander Edler is hit by Francois Beauchemin and loses puck.
7:34 of 3rd period - Shot by John Tavares.
7:34 of 3rd period - Stopped by Devan Dubnyk without a rebound.
7:35 of 3rd period - Tyler Seguin wins face-off versus Auston Matthews in Panthers zone.
7:42 of 3rd period - Shot by Blake Wheeler.
7:42 of 3rd period - Stopped by Tuukka Rask with a rebound.
8:15 of 3rd period - Shot by Tyler Seguin.
8:15 of 3rd period - Shot Misses the Net.
8:38 of 3rd period - Icing by Josh Morrissey.
8:39 of 3rd period - Auston Matthews wins face-off versus Joe Thornton in Canadiens zone.
9:01 of 3rd period - Shot by Jakob Silfverberg.
9:01 of 3rd period - Stopped by Devan Dubnyk without a rebound.
9:02 of 3rd period - Zack Smith wins face-off versus Aleksander Barkov in Panthers zone.
9:05 of 3rd period - Shot by Artturi Lehkonen.
9:05 of 3rd period - Stopped by Devan Dubnyk without a rebound.
9:06 of 3rd period - Aleksander Barkov wins face-off versus John Tavares in Panthers zone.
9:06 of 3rd period - Aleksander Barkov is hit by Jakob Silfverberg.
9:18 of 3rd period - Shot by Aleksander Barkov.
9:18 of 3rd period - Stopped by Tuukka Rask without a rebound.
9:19 of 3rd period - Joe Thornton wins face-off versus Zack Smith in Canadiens zone.
9:22 of 3rd period - Shot by Justin Williams.
9:22 of 3rd period - Stopped by Tuukka Rask without a rebound.
9:23 of 3rd period - John Tavares wins face-off versus Aleksander Barkov in Canadiens zone.
10:00 of 3rd period - Shot by Aleksander Barkov.
10:00 of 3rd period - Shot Misses the Net.
10:14 of 3rd period - Minor Penalty to Blake Wheeler for Interference.
10:15 of 3rd period - Auston Matthews wins face-off versus Luke Glendening in Panthers zone.
10:18 of 3rd period - Shot by Auston Matthews.
10:18 of 3rd period - Shot Misses the Net.
10:20 of 3rd period - Shot by Justin Abdelkader.
10:20 of 3rd period - Stopped by Devan Dubnyk without a rebound.
10:21 of 3rd period - Justin Abdelkader wins face-off versus Luke Glendening in Panthers zone.
10:55 of 3rd period - Shot by Auston Matthews.
10:55 of 3rd period - Stopped by Devan Dubnyk without a rebound.
10:56 of 3rd period - John Tavares wins face-off versus Luke Glendening in Panthers zone.
11:32 of 3rd period - Shot by John Tavares.
11:32 of 3rd period - Stopped by Devan Dubnyk without a rebound.
11:33 of 3rd period - Aleksander Barkov wins face-off versus Auston Matthews in Panthers zone.
12:07 of 3rd period - Icing by Alexander Edler.
12:08 of 3rd period - Luke Glendening wins face-off versus Auston Matthews in Canadiens zone.
13:02 of 3rd period - Brandon Carlo is hit by Artturi Lehkonen and loses puck.
14:01 of 3rd period - Shot by Jordan Eberle.
14:01 of 3rd period - Deflect By Auston Matthews.
14:01 of 3rd period - Stopped by Devan Dubnyk without a rebound.
14:02 of 3rd period - Nick Shore wins face-off versus Patrik Laine in Panthers zone.
14:09 of 3rd period - Shot by Nick Shore.
14:09 of 3rd period - Shot Misses the Net.
14:28 of 3rd period - Shot by Nikolaj Ehlers.
14:28 of 3rd period - Shot Misses the Net.
14:43 of 3rd period - Icing by Matt Calvert.
14:44 of 3rd period - Nick Shore wins face-off versus Joe Thornton in Canadiens zone.
15:01 of 3rd period - Shot by Andrew Ladd.
15:01 of 3rd period - Stopped by Tuukka Rask without a rebound.
15:02 of 3rd period - Luke Glendening wins face-off versus Auston Matthews in Canadiens zone.
15:10 of 3rd period - Icing by Cam Fowler.
15:11 of 3rd period - Auston Matthews wins face-off versus Andrew Ladd in Canadiens zone.
15:22 of 3rd period - Michael Matheson is hit by Ivan Provorov and loses puck.
15:39 of 3rd period - Cam Fowler is hit by Joe Thornton and loses puck.
16:00 of 3rd period - Icing by Ivan Provorov.
16:01 of 3rd period - Auston Matthews wins face-off versus Aleksander Barkov in Canadiens zone.
16:01 of 3rd period - Auston Matthews is hit by Aleksander Barkov.
16:18 of 3rd period - Icing by T.J. Brodie.
16:19 of 3rd period - Aleksander Barkov wins face-off versus John Tavares in Panthers zone.
16:27 of 3rd period - Shot by Aleksander Barkov.
16:27 of 3rd period - Shot Misses the Net.
16:55 of 3rd period - Icing by Jakob Silfverberg.
16:56 of 3rd period - Tyler Seguin wins face-off versus John Tavares in Canadiens zone.
17:03 of 3rd period - Shot by Blake Wheeler.
17:03 of 3rd period - Stopped by Tuukka Rask without a rebound.
17:04 of 3rd period - Tyler Seguin wins face-off versus Zack Smith in Canadiens zone.
17:37 of 3rd period - Shot by Artturi Lehkonen.
17:37 of 3rd period - Stopped by Devan Dubnyk without a rebound.
17:38 of 3rd period - Auston Matthews wins face-off versus Andrew Ladd in Panthers zone.
17:38 of 3rd period - Ron Hainsey is hit by T.J. Brodie.
18:13 of 3rd period - Minor Penalty to Joe Thornton for Hooking.
18:14 of 3rd period - John Tavares wins face-off versus Luke Glendening in Panthers zone.
18:23 of 3rd period - Shot by Cam Fowler.
18:23 of 3rd period - Stopped by Devan Dubnyk without a rebound.
18:24 of 3rd period - John Tavares wins face-off versus Luke Glendening in Panthers zone.
18:35 of 3rd period - Shot by Ivan Provorov.
18:35 of 3rd period - Shot Misses the Net.
18:37 of 3rd period - Shot by Ivan Provorov.
18:37 of 3rd period - Stopped by Devan Dubnyk without a rebound.
18:38 of 3rd period - Luke Glendening wins face-off versus Auston Matthews in Panthers zone.
18:57 of 3rd period - Canadiens, Tuukka Rask is pulled from the net.
19:37 of 3rd period - Shot by Ivan Provorov.
19:37 of 3rd period - Shot Blocked by Francois Beauchemin.
19:39 of 3rd period - Shot by Ivan Provorov.
19:39 of 3rd period - Stopped by Devan Dubnyk without a rebound.
19:40 of 3rd period - John Tavares wins face-off versus Aleksander Barkov in Panthers zone.
19:47 of 3rd period - Shot by John Tavares.
19:47 of 3rd period - Stopped by Devan Dubnyk without a rebound.
19:48 of 3rd period - John Tavares wins face-off versus Aleksander Barkov in Panthers zone.
19:52 of 3rd period - John Tavares is hit by Francois Beauchemin and loses puck.
19:59 of 3rd period - Shot by John Tavares.
19:59 of 3rd period - Deflect By Teuvo Teravainen.
19:59 of 3rd period - Stopped by Devan Dubnyk with a rebound.
Goals for this period are 0 for Canadiens vs 0 for Panthers.
Shots for this period are 14 for Canadiens vs 9 for Panthers.